 Dungeon Crawl Stone Soup version 0.26.1-2-gb8aa6d0cf2 (webtiles) character file.

Game seed: 11014169056876767959

6432 tardwrangler69 the Cleaver (level 10, -6/91 HPs)
             Began as a Minotaur Fighter on Mar 30, 2021.
             Was an Elder of Makhleb.
             Mangled by an unseen horror (10 damage)
             ... while paralysed by a hornet
             ... on level 10 of the Dungeon.
             The game lasted 00:08:44 (8936 turns).

tardwrangler69 the Cleaver (Minotaur Fighter)       Turns: 8936, Time: 00:08:44

Health: -6/91      AC: 13    Str: 29    XL:     10   Next: 67%
Magic:  9/9        EV:  2    Int:  5    God:    Makhleb [****..]
Gold:   630        SH:  0    Dex: 15    Spells: 9/9 levels left

rFire    . . .     SeeInvis .   a - +0 war axe
rCold    + + .     Faith    .   c - +0 kite shield
rNeg     . . .     Spirit   .   K - +3 ring mail of the Watchman {Will+ Dex+5}
rPois    .         Reflect  +   M - +2 hat
rElec    .         Harm     .   E - scarf {rC+ rF+}
rCorr    .         Rampage  .   L - +0 pair of gloves
Will     .....                  (no boots)
Stlth    +.........             w - amulet of reflection
HPRegen  0.25/turn              v - ring "Xuopn" {Ice Will- Str+5}
MPRegen  0.11/turn              r - +4 ring of evasion

@: paralysed, lethally poisoned (-6 -> -8), slowed
A: retaliatory headbutt, horns 2
a: Renounce Religion, Minor Destruction, Lesser Servant of Makhleb, Major
Destruction


You were on level 10 of the Dungeon.
You worshipped Makhleb.
Makhleb was greatly pleased with you.
You visited 1 branch of the dungeon, and saw 10 of its levels.
You also visited: Ossuary.

You collected 630 gold pieces.

Inventory:

Hand Weapons
 a - a +0 war axe (weapon)
Missiles
 y - 8 silver javelins (quivered)
Armour
 c - a +0 kite shield (worn)
 E - a scarf of resistance (worn)
 K - the +3 ring mail of the Watchman (worn) {Will+ Dex+5}
   (You found it on level 8 of the Dungeon)

   It affects your dexterity (+5).
   It affects your willpower, your defense against some magical effects.
 L - a +0 pair of gloves (worn)
 M - a +2 hat (worn)
Jewellery
 b - an uncursed ring of flight {unknown}
 r - a +4 ring of evasion (right hand)
 v - the ring "Xuopn" (left hand) {Ice Will- Str+5}
   (You found it on level 4 of the Dungeon)

   [ring of ice]

   It enhances your ice magic.
   It affects your strength (+5).
   It makes you vulnerable to fire.
   It protects you from cold.
   It affects your willpower, your defense against some magical effects.
 w - an amulet of reflection (around neck)
 G - an uncursed ring of ice
 H - an uncursed amulet of regeneration {unknown}
 I - an uncursed ring of stealth {unknown}
Wands
 k - a wand of acid (8)
 A - a wand of polymorph (9)
 O - a wand of digging (4)
Scrolls
 f - 9 scrolls of remove curse
 g - a scroll of enchant weapon {unknown}
 i - 5 scrolls of fear {unknown}
 l - 2 scrolls of enchant armour {unknown}
 m - 8 scrolls of teleportation {unknown}
 o - 12 scrolls of identify {unknown}
 u - 3 scrolls of magic mapping {unknown}
 z - 2 scrolls of amnesia {unknown}
 D - a scroll of immolation {unknown}
 F - a scroll of vulnerability {unknown}
 N - a scroll of fog {unknown}
Potions
 d - 3 potions of might
 e - 2 potions of heal wounds {unknown}
 h - 3 potions of degeneration {unknown}
 j - a potion of ambrosia {unknown}
 n - 2 potions of berserk rage {unknown}
 p - 5 potions of mutation {unknown}
 q - 2 potions of attraction {unknown}
 s - 8 potions of curing {unknown}
 t - 3 potions of magic {unknown}
 x - 2 potions of flight {unknown}
 B - a potion of invisibility {unknown}
 C - 3 potions of haste {unknown}
 J - a potion of lignification {unknown}
 P - a potion of brilliance {unknown}


   Skills:
 + Level 9.4 Fighting
 * Level 12.2 Axes
 + Level 9.4 Armour
 + Level 7.8 Dodging
 - Level 4.0 Shields


You had 9 spell levels left.
You didn't know any spells.
Your spell library contained the following spells:

 Spells                   Type           Power        Failure   Level
 Beastly Appendage        Tmut           0%           96%         1
 Summon Small Mammal      Summ           0%           96%         1
 Blink                    Tloc           N/A          99%         2
 Call Imp                 Summ           0%           99%         2
 Wereblood                Tmut           0%           99%         2
 Call Canine Familiar     Summ           0%           100%        3
 Gell's Gravitas          Tloc           0%           100%        3
 Lesser Beckoning         Tloc           0%           100%        3
 Spider Form              Tmut/Pois      0%           100%        3
 Summon Guardian Golem    Hex/Summ       0%           100%        3
 Teleport Other           Tloc           0%           100%        3
 Cause Fear               Hex            0%           100%        4
 Ice Form                 Ice/Tmut       0%           100%        4
 Passage of Golubria      Tloc           N/A          100%        4
 Summon Ice Beast         Ice/Summ       0%           100%        4
 Summon Lightning Spire   Summ/Air       0%           100%        4
 Blade Hands              Tmut           0%           100%        5
 Silence                  Hex/Air        0%           100%        5
 Yara's Violent Unravell  Hex/Tmut       0%           100%        5
 Discord                  Hex            0%           100%        8


Dungeon Overview and Level Annotations

Branches:
Dungeon (10/15)            Temple (0/1) D:6            Lair (0/6) D:9
Ossuary (visited)
    Orc: D:9-12

Altars:
Ashenzari
Fedhas
Makhleb
Okawaru
Ru
Sif Muna
Vehumet

Annotations:
D:5 2 runed translucent doors


Innate Abilities, Weirdness & Mutations

You reflexively headbutt those who attack you in melee.
You have a pair of horns on your head.


Message History

You barely miss the hornet. You headbutt the hornet!
The hornet is severely wounded.
You barely miss something.
You feel sick. Something hits you.
* * * LOW HITPOINT WARNING * * *
The hornet stings you!
* * * LOW HITPOINT WARNING * * *
You feel as though you will be slow longer.
You block the hornet's attack.
You hit the hornet. Your headbutt misses the hornet.
The hornet is almost dead.
You feel sick. Something hits you but does no damage.
You block the hornet's attack. Something hits you but does no damage.
The hornet stings you!
* * * LOW HITPOINT WARNING * * *
You suddenly lose the ability to move!
The hornet stings you but does no damage.
Something hits you but does no damage. x2
The hornet stings you but does no damage.
You feel sick. Something hits you!
You die...

##### ##........#..## ###
###...#####....#.#......#
##.###.......##...#...#..#...#
#..##............###.....##..#
....###......#..## ##........#
.#..##...........#.#....#....#
##............#.##.##.#...#.##
#............####y..####..#### ##
##...#......##$.@))...!##..#.###.
##..##.......##(#...####)......#.
#..#..........#.##.##.#..........
##.#..#..........#.#....##.......
#..#.###........## ##...(........
.....# #.........###..........##.
.#.#.####.........#............##
##....#..........................
..........#.....##..............#


You could see a hornet.

Vanquished Creatures
  Gastronok (D:9)
  A komodo dragon (D:9)
  A wyvern (D:6)
  A black bear (D:8)
  An ice beast (D:8)
  An orc warrior (D:10)
  4 phantoms
  3 sky beasts (D:9)
  5 ogres
  7 centaurs
  2 elf zombies (Ossuary)
  A big kobold (D:10)
  3 bullfrogs
  2 gnoll sergeants
  2 scorpions
  3 killer bees (D:7)
  5 electric eels
  2 howler monkeys
  3 jellies
  2 centaur skeletons
  5 hounds
  3 centaur zombies (Ossuary)
  4 orc priests
  7 orc wizards
  An iguana (D:6)
  Terence (D:2)
  9 worker ants
  3 hound skeletons
  2 mummies (Ossuary)
  A worker ant zombie (D:8)
  13 gnolls
  18 adders
  A white imp (D:8)
  2 ufetubi (D:7)
  2 oozes
  3 adder zombies
  2 adder skeletons (D:5)
  2 dart slugs
  4 leopard geckos
  19 orcs
  3 giant cockroaches
  7 goblins
  4 hobgoblins
  12 jackals
  4 quokkas
  A ball python (D:4)
  A ball python skeleton (D:5)
  13 bats
  5 frilled lizards
  A goblin zombie (Ossuary)
  14 hobgoblin zombies (Ossuary)
  3 jackal zombies (Ossuary)
  12 kobolds
  7 kobold zombies (Ossuary)
  5 orc zombies (Ossuary)
  A quokka skeleton (D:7)
  5 rats
  A rat zombie (Ossuary)
251 creatures vanquished.

Vanquished Creatures (others)
  An orc wizard (D:8)
  5 plants (D:9)
6 creatures vanquished.

Grand Total: 257 creatures vanquished

Notes
Turn   | Place    | Note
-------+----------+-------------------------------------------
     0 | D:1      | tardwrangler69 the Minotaur Fighter began the quest for the
                  | Orb.
     0 | D:1      | Reached XP level 1. HP: 19/19 MP: 0/0
   367 | D:1      | Reached XP level 2. HP: 24/27 MP: 1/1
   592 | D:1      | Reached skill level 3 in Axes
  1086 | D:2      | Reached XP level 3. HP: 33/33 MP: 2/2
  1100 | D:2      | Reached skill level 1 in Dodging
  1153 | D:2      | Noticed Terence
  1161 | D:2      | Killed Terence
  1162 | D:2      | Reached XP level 4. HP: 33/40 MP: 3/3
  1202 | D:2      | Reached skill level 4 in Axes
  1466 | D:2      | Found a faded altar of an unknown god.
  1918 | D:3      | Reached XP level 5. HP: 47/47 MP: 4/4
  2258 | D:3      | Found a sacrificial altar of Ru.
  2364 | D:4      | Found a radiant altar of Vehumet.
  2399 | D:4      | Reached skill level 5 in Axes
  2621 | D:4      | Got a steaming golden ring
  2763 | D:4      | Reached XP level 6. HP: 52/55 MP: 5/5
  2876 | D:4      | Found a burning altar of Makhleb.
  2880 | D:4      | Reached skill level 5 in Fighting
  2882 | D:4      | Became a worshipper of Makhleb the Destroyer
  2962 | D:4      | Identified the ring "Xuopn" {Ice Will- Str+5} (You found it
                  | on level 4 of the Dungeon)
  2984 | D:5      | Entered Level 5 of the Dungeon
  2984 | D:5      | Found an iron altar of Okawaru.
  2990 | D:5      | Reached skill level 5 in Armour
  3129 | D:5      | Reached skill level 6 in Axes
  3129 | D:5      | Reached XP level 7. HP: 60/61 MP: 6/6
  3499 | D:5      | Found a runed translucent door.
  3502 | D:5      | Reached * piety under Makhleb
  3524 | D:5      | Found a runed translucent door.
  3654 | D:6      | Reached skill level 7 in Axes
  3703 | D:6      | Found a staircase to the Ecumenical Temple.
  3725 | D:6      | Reached XP level 8. HP: 50/70 MP: 7/7
  4286 | D:6      | Found a sand-covered staircase.
  4305 | Ossuary  | Entered an ossuary
  4409 | Ossuary  | Reached ** piety under Makhleb
  4446 | Ossuary  | Reached skill level 8 in Axes
  4805 | D:6      | Reached skill level 5 in Dodging
  4805 | D:6      | Found a blossoming altar of Fedhas.
  4904 | D:6      | Reached skill level 9 in Axes
  5221 | D:7      | Found a shimmering blue altar of Sif Muna.
  5277 | D:7      | Reached XP level 9. HP: 79/79 MP: 8/8
  5831 | D:7      | Reached *** piety under Makhleb
  6083 | D:8      | Reached skill level 10 in Axes
  6733 | D:8      | Got a heavily runed ring mail
  6744 | D:8      | Identified the +3 ring mail of the Watchman {Will+ Dex+5}
                  | (You found it on level 8 of the Dungeon)
  7167 | D:9      | Found a staircase to the Lair.
  7167 | D:9      | Noticed a komodo dragon
  7185 | D:9      | Killed a komodo dragon
  7186 | D:9      | Reached skill level 11 in Axes
  7327 | D:9      | Noticed Gastronok
  7340 | D:9      | Killed Gastronok
  7341 | D:9      | Reached XP level 10. HP: 29/91 MP: 9/9
  7712 | D:9      | Found a broken altar of Ashenzari.
  7994 | D:9      | Reached skill level 12 in Axes
  8097 | D:9      | Reached **** piety under Makhleb
  8614 | D:10     | Entered Level 10 of the Dungeon
  8934 | D:10     | Paralysed by a hornet for 3 turns
  8936 | D:10     | HP: 4/91 [poisoned by a hornet]
  8936 | D:10     | Mangled by an unseen horror

Illustrated notes

Levels and vault maps discovered:
D:1:      dpeg_arrival_houses_and_road, layout_basic
D:2:      layout_basic, chequers_ecumenical_altar_simple_redux, uniq_terence
D:3:      layout_basic, nicolae_ru_the_path_less_chosen
D:4:      cheibrodos_helix_gallery, layout_rooms, vehumet_crystals,
          makhleb_heckhound_becter
D:5:      lemuel_insect_pit, layout_cave_pools, okawaru_metal_pillars_3
D:6:      layout_basic, old_standard_altar,
          minmay_temple_entry_drinking_statues, nicolae_ossuary_entry_plus
D:7:      layout_loops_ring, lemuel_blue_sif_altar, grunt_tough_drop
D:8:      layout_rooms, kennysheep_cross_bottleneck
D:9:      layout_basic, lemuel_crystal_altar, david_lair_shrubbed,
          small_chamber_with_monster, uniq_gastronok
D:10:     layout_cave_pools, gammafunk_ghost_hive,
          minmay_fractal_squares_gapless_5

Skill      XL: |  1  2  3  4  5  6  7  8  9 10 |
---------------+-------------------------------+-----
Axes           | 3 4 5 6 7 9 11 12 | 12.2
Fighting       | 4 5 6 7 9 |  9.4
Dodging        | 1 2 3 4 5 7 |  7.8
Armour         | 4 5 6 7 9 |  9.4
Shields        | 4 |  4.0

Action                   |  1- 3 |  4- 6 |  7- 9 | 10-12 || total
-------------------------+-------+-------+-------+-------++-------
Melee: War axe           |    68 |   115 |   364 |    90 ||   637
       Headbutt          |    13 |    19 |    84 |    23 ||   139
  Use: Scroll            |       |     2 |       |       ||     2
Armor: Scale mail        |    34 |    53 |    49 |       ||   136
       Ring mail         |       |       |     6 |    23 ||    29
Dodge: Dodged            |    20 |    61 |   114 |    41 ||   236
Block: Kite shield       |    28 |    63 |   253 |    55 ||   399
       Reflection        |       |       |     7 |     8 ||    15
